 Dungeon Crawl Stone Soup version 0.18-a0-1626-g65af6d3 (webtiles) character file.

58 M4edhros the Sneak (level 4, -4/31 HPs)
             Began as an Octopode Wanderer on Mar 24, 2016.
             Slain by a kobold
             ... wielding a +0 whip
              (5 damage)
             ... on level 2 of the Dungeon.
             The game lasted 00:01:18 (538 turns).

M4edhros the Sneak (Octopode Wanderer)               Turns: 538, Time: 00:01:19

Health: -4/31      AC:  1    Str: 10    XL:     4   Next: 2%
Magic:  4/4        EV:  9    Int: 13    God:
Gold:   77         SH:  7    Dex: 14    Spells: 0 memorised, 3 levels left

rFire  . . .     SeeInvis .     c - +0 short sword
rCold  . . .     Gourm    .     a - +0 shield
rNeg   . . .     Faith    .     (helmet restricted)
rPois  .         Spirit   .     (no amulet)
rElec  .         Dismiss  .     (no ring)
rCorr  .         Reflect  .     (no ring)
SustAt .         Harm     .     (no ring)
MR     .....                    (no ring)
Stlth  ++++......               (no ring)
                                (no ring)
                                (no ring)
                                (no ring)

@: not resistant to hostile enchantments, stealthy
A: almost no armour, amphibious, 8 rings, constrict 8, camouflage 1, gelatinous
body 1
a: no special abilities


You were on level 2 of the Dungeon.
You were not hungry.

You visited 1 branch of the dungeon, and saw 2 of its levels.

You collected 77 gold pieces.

Inventory:

Hand Weapons
 c - a +0 short sword (weapon)
Armour
 a - a +0 shield (worn)
Scrolls
 e - 2 scrolls of identify
Comestibles
 d - a bread ration
 f - a slice of pizza
 g - a beef jerky


   Skills:
 - Level 3.0 Fighting
 - Level 2.0 Short Blades
 - Level 1.0 Throwing
 + Level 1.6 Dodging
 * Level 3.5 Stealth
 + Level 1.8 Shields
   Level 2.0 Charms
   Level 1.0 Fire Magic


You had 3 spell levels left.
You didn't know any spells.

Dungeon Overview and Level Annotations

Branches:
Dungeon (1/15)

Altars:

Annotations:
D:2 Robin


Innate Abilities, Weirdness & Mutations

You cannot wear most types of armour.
You are amphibious.
You can wear up to eight rings at the same time.
You can use your tentacles to constrict eight enemies at once.
Your skin changes colour to match your surroundings (Stealth).
Your rubbery body absorbs attacks (AC +1).


Message History

You block the kobold's attack.
You aren't carrying any potions.
Read which item? (? for menu, Esc to quit)
You can't read that!
Read which item? (? for menu, Esc to quit)
As you read the scroll labeled NERCHOFR KYISEJ, it crumbles to dust.
It is a scroll of identify.
You don't have any unidentified items.
The hobgoblin hits you but does no damage.
The kobold hits you with a whip.
* * * LOW HITPOINT WARNING * * *
You hit the hobgoblin but do no damage. You grab the hobgoblin.
You constrict the hobgoblin. You block the hobgoblin's attack.
The hobgoblin closely misses you. The kobold barely misses you.
Unknown command.
Unknown command.
You hit the hobgoblin but do no damage. You squeeze the hobgoblin.
You kill the hobgoblin!
The hobgoblin barely misses you. The kobold hits you with a whip.
You die...

##########
.........#
.#######.# .♣
###.### .♣ #...#..
.♣ #...#.########.#
.♣ #.#.#.#..gg@)..#
.♣♣
#.#.#).).wK###.#
♣.♣ #.#.#)####.#
♣.♣♣ #.#....g.#.#
.## ♣♣.♣
#####.##g#####.....
♣.♣ #.#..gg.ggg..#
♣♣.♣ #.#.#####g####
♣..♣ #...# .. ♣.♣♣
#.### ##


You could see Robin, a dart slug, a hobgoblin and a kobold.

Vanquished Creatures
  3 adders (D:2)
  2 dart slugs (D:2)
  8 goblins (D:2)
  6 hobgoblins (D:2)
  A quokka (D:2)
  A ball python (D:2)
  A giant newt (D:2)
  A kobold (D:2)
  4 rats (D:2)
27 creatures vanquished.

Notes
Turn   | Place    | Note
--------------------------------------------------------------
     0 | D:1      | M4edhros the Octopode Wanderer began the quest for the Orb.
     0 | D:1      | M4edhros set off with: a +0 shield, a potion of lignification, a +0 short sword, a bread ration
     0 | D:1      | Reached XP level 1. HP: 16/16 MP: 1/1
     0 | D:1      | You fall through a shaft!
    31 | D:2      | Reached skill level 1 in Stealth
    66 | D:2      | Reached XP level 2. HP: 21/21 MP: 2/2
   184 | D:2      | Reached skill level 1 in Dodging
   191 | D:2      | Reached XP level 3. HP: 22/26 MP: 3/3
   481 | D:2      | Noticed Robin
   526 | D:2      | Reached XP level 4. HP: 12/31 MP: 4/4
   530 | D:2      | HP: 1/31 [Robin/short sword (7)]
   536 | D:2      | HP: 1/31 [kobold/whip (1)]
   538 | D:2      | Slain by a kobold

Vault maps used:
D:1:      evilmike_arrival_crescent
D:2:      forest_paths, uniq_robin

Skill      XL: |  1  2  3 |
---------------+----------+-----
Stealth        | 1 2 3 |  3.5
Dodging        | 1 |  1.6
Fighting       | |  3.0
Short Blades   | |  2.0
Throwing       | |  1.0
Shields        | |  1.8
Charms         | |  2.0
Fire Magic     | |  1.0

Action                   |  1- 3 |  4- 6 || total
-------------------------+-------+-------++-------
Melee: Short sword       |    58 |     6 ||    64
  Use: Potion            |     1 |       ||     1
       Scroll            |       |     1 ||     1
 Stab: Sleeping          |     7 |       ||     7
